 Dungeon Crawl Stone Soup version 0.28-a0-268-g3f656e82c2 (webtiles) character file.

Game seed: 13479134542035528936

241 avis the Insei (level 6, -6/43 HPs)
             Began as an Octopode Transmuter on Aug 28, 2021.
             Succumbed to a water moccasin's poison
             ... on level 5 of the Dungeon.
             The game lasted 00:24:28 (4968 turns).

avis the Insei (Octopode Transmuter)                Turns: 4968, Time: 00:24:29

Health: -6/43      AC:  1    Str: 12    XL:     6   Next: 8%
Magic:  7/9        EV: 13    Int: 15    God:
Gold:   152        SH:  0    Dex: 12    Spells: 1/9 levels left

rFire   . . .      SeeInvis .     - Unarmed
rCold   . . .      Faith    .   (no shield)
rNeg    . . .      Spirit   .   (helmet restricted)
rPois   .          Reflect  .   k - amulet of the acrobat
rElec   .          Harm     .   (no ring)
rCorr   .          Rampage  .   (no ring)
Will    .....                   (no ring)
Stlth   ++........              (no ring)
HPRegen 0.14/turn               (no ring)
MPRegen 0.11/turn               (no ring)
                                (no ring)
                                (no ring)

@: brilliant, lethally poisoned (-6 -> -48)
A: almost no armour, amphibious, 8 rings, camouflage 1, gelatinous body 1,
(nimble swimmer 1), tentacles
a: no special abilities


You were on level 5 of the Dungeon.
You visited 2 branches of the dungeon, and saw 6 of its levels.

You collected 152 gold pieces.

Inventory:

Hand Weapons
 d - a +0 hunting sling
Missiles
 f - 31 stones
 m - 14 poisoned darts
Jewellery
 k - an amulet of the acrobat (around mantle)
Wands
 p - a wand of iceblast (16)
Scrolls
 a - 4 scrolls of fear {unknown}
 e - a scroll of enchant weapon {unknown}
 g - 3 scrolls of teleportation {unknown}
 l - a scroll of identify {unknown}
 n - a scroll of summoning {unknown}
Potions
 b - a potion of invisibility {unknown}
 c - a potion of degeneration {unknown}
 h - a potion of might {unknown}
 i - a potion of ambrosia {unknown}
 j - a potion of brilliance
 o - 2 potions of lignification {unknown}
 q - a potion of heal wounds {unknown}
 r - a potion of curing {unknown}


   Skills:
 - Level 4.0 Fighting
 - Level 2.0 Dodging
 - Level 4.0 Unarmed Combat
 - Level 2.0 Spellcasting
 + Level 3.3 Transmutations
 - Level 2.0 Poison Magic


You had one spell level left.
You knew the following spells:

 Your Spells              Type           Power      Damage    Failure   Level
a - Beastly Appendage     Tmut           34%        N/A       5%          1
p - Spider Form           Tmut/Pois      7%         N/A       22%         3
q - Ice Form              Ice/Tmut       9%         N/A       73%         4

Your spell library contained the following spells:

 Spells                   Type           Power      Damage    Failure   Level
 Animate Skeleton         Necr           4%         N/A       22%         1
 Pain                     Necr           8%         1d4       22%         1
 Wereblood                Tmut           17%        N/A       9%          2
 Corpse Rot               Necr/Air       N/A        N/A       32%         2
 Sublimation of Blood     Necr           1%         N/A       32%         2
 Vampiric Draining        Necr           1%         2d6       54%         3
 Dispel Undead            Necr           2%         3d7       91%         4
 Death Channel            Necr           1%         N/A       100%        6
 Summon Hydra             Summ           1%         N/A       100%        7
 Chain Lightning          Conj/Air       1%         3d1       100%        9
 Fire Storm               Conj/Fire      1%         7d1       100%        9


Dungeon Overview and Level Annotations

Branches:
Dungeon (5/15)             Temple (1/1) D:4

Altars:
Ashenzari
Cheibriados
Fedhas
Hepliaklqana
Kikubaaqudgha
Okawaru
Qazlal
Ru
Trog
Uskayaw
Vehumet
The Shining One
Lugonu

Shops:
D:3 [


Innate Abilities, Weirdness & Mutations

You cannot wear most types of armour.
You are amphibious.
You can wear up to eight rings at the same time.
Your skin changes colour to match your surroundings (Stealth+).
Your rubbery body absorbs attacks. (AC +1, EV +1)
((You are camouflaged near water. (Stealth+)))
You have tentacles for arms and can constrict up to eight enemies at once.


Message History

There is a stone staircase leading down here.
Casting: Spider Form (quite dangerous; 22% risk of failure)
Confirm with . or Enter, or press ? or * to list all spells.
The spell is quite dangerous to cast (22% risk of failure)!
Continue anyway?
You turn into a venomous arachnid creature.
You climb downwards.
Found 16 gold pieces.
There is a stone staircase leading up here.
Your transformation is almost over.
A water moccasin comes into view.
The water moccasin hisses angrily.
You see here 16 gold pieces.
You now have 152 gold pieces (gained 16).
You bite the water moccasin!
The water moccasin is moderately wounded.
The water moccasin bites you but does no damage.
You barely miss the water moccasin.
The water moccasin is moderately wounded.
The water moccasin barely misses you. The water moccasin bites you.
You are poisoned.
The water moccasin poisons you!
You hit the water moccasin.
The water moccasin is heavily wounded.
You feel extremely sick. The water moccasin closely misses you.
You hit the water moccasin.
The water moccasin is poisoned.
The water moccasin is heavily wounded.
You feel very sick. The water moccasin bites you! The water moccasin bites you.
You are more poisoned.
The water moccasin poisons you!
You closely miss the water moccasin.
The water moccasin is heavily wounded.
Your transformation has ended.
* * * LOW HITPOINT WARNING * * *
You feel extremely sick. The water moccasin closely misses you.
It was a potion of brilliance.
You feel clever all of a sudden.
You die...

## .. ## .# #..
#.#####.###..#
##.#..#.......#
#..............
#..............
#<..........#
#....@S.....#
#.#.......###
...#..........
............##..
#..........#..#
.
##.........#....
##......... ....
#..............
##..#.......


You could see a water moccasin (very poisoned).

Vanquished Creatures
  A scorpion (D:4)
  A crimson imp (D:4)
  A hound zombie (D:3)
  5 adders
  2 worms (D:2)
  A dart slug (D:2)
  3 orcs
  6 bats
  6 endoplasms
  4 giant cockroaches
  7 goblins
  5 hobgoblins
  4 jackals (D:1)
  5 quokkas
  6 ball pythons
  5 frilled lizards
  A goblin skeleton (D:4)
  A goblin zombie (D:4)
  2 hobgoblin zombies (D:4)
  4 kobolds
  3 kobold skeletons (D:4)
  A kobold zombie (D:4)
  2 orc zombies (D:4)
  7 rats
83 creatures vanquished.

Vanquished Creatures (others)
  2 plants (D:1)
2 creatures vanquished.

Grand Total: 85 creatures vanquished

Notes
Turn   | Place    | Note
-------+----------+-------------------------------------------
     0 | D:1      | avis the Octopode Transmuter began the quest for the Orb.
     0 | D:1      | Reached XP level 1. HP: 13/13 MP: 3/3
   210 | D:1      | Reached XP level 2. HP: 16/19 MP: 3/5
   740 | D:1      | Found a faded altar of an unknown god.
   815 | D:1      | Reached XP level 3. HP: 22/25 MP: 6/6
   868 | D:1      | Learned a level 3 spell: Spider Form
  1286 | D:2      | Reached skill level 1 in Poison Magic
  1885 | D:2      | Reached XP level 4. HP: 31/31 MP: 2/7
  2653 | D:3      | Reached XP level 5. HP: 24/36 MP: 2/8
  2758 | D:2      | Learned a level 4 spell: Ice Form
  2808 | D:3      | Found Bimob's Armour Boutique.
  3007 | D:3      | Found an ancient bone altar of Kikubaaqudgha.
  3069 | D:3      | Found a hazy altar of Hepliaklqana.
  3269 | D:3      | Found an iron altar of Okawaru.
  3407 | D:3      | Found a blossoming altar of Fedhas.
  3566 | D:4      | Found a radiant altar of Vehumet.
  3780 | D:4      | Found a staircase to the Ecumenical Temple.
  3786 | Temple   | Entered the Ecumenical Temple
  3947 | D:4      | Found a glowing golden altar of the Shining One.
  4579 | D:4      | Reached XP level 6. HP: 34/43 MP: 4/9
  4843 | D:5      | Entered Level 5 of the Dungeon
  4959 | D:5      | Noticed a water moccasin
  4968 | D:5      | Succumbed to a water moccasin's poison

Illustrated notes

Levels and vault maps discovered:
D:1:      ncdulo_smallfort, layout_rooms, dilly_ecumenical_altar_fadedgnrine
D:2:      layout_loops_cross, serial_rivers, chequers_serial_rivers_small_3,
          chequers_serial_rivers_large_b, chequers_serial_rivers_micro_b,
          chequers_serial_rivers_large_a, hangedman_decor_peaks_small
D:3:      layout_loops_cross, nzn_hepliaklqana_mist_gate,
          mainiacjoe_overflow_catwalk, nicolae_overflow_crystal_walls,
          lemuel_coloured_pillars_altar, serial_shops, nicolae_lakefront_shop,
          chequers_serial_rivers_marsh
D:4:      layout_basic, nicolae_tso_besieged_by_evil,
          nicolae_vehumet_altar_sigil, minmay_temple_entry_hall, dk_vineyard_1
D:5:      layout_cave_pools, lemuel_doored_altar, uniq_prince_ribbit1
Temple:   corrupted_temple

Skill      XL: |  1  2  3  4  5 |
---------------+----------------+-----
Fighting       | 2 3 4 |  4.0
Poison Magic   | 1 2 |  2.0
Transmutations | 3 |  3.3
Unarmed Combat | 4 |  4.0
Dodging        | |  2.0
Spellcasting   | |  2.0

Action                   |  1- 3 |  4- 6 || total
-------------------------+-------+-------++-------
Melee: Unarmed           |    99 |   108 ||   207
       Constrict         |    21 |    14 ||    35
       Kick              |    20 |    12 ||    32
       Tentacles         |     5 |     4 ||     9
       Punch             |     1 |     2 ||     3
 Cast: Beastly Appendage |    22 |    14 ||    36
       Spider Form       |     6 |    22 ||    28
  Use: Potion            |       |     1 ||     1
 Stab: Sleeping          |     5 |     3 ||     8
Armor: Skin              |     4 |     4 ||     8
Dodge: Dodged            |    46 |    72 ||   118

Table legend: (Time is in decaauts)
 A = Elapsed time spent in this place.
 B = Non-inter-level travel time spent in this place.
 C = Inter-level travel time spent in this place.
 D = Time resting spent in this place.
 E = Time spent auto-exploring this place.
 F = Levels seen in this place.
 G = Mean time per level.
                   A        B        C        D        E       F      G
               +--------+--------+--------+--------+--------+-----+--------+
         Total |   4969 |   4618 |    351 |   1464 |   1845 |   6 |  828.2 |
       Dungeon |   4930 |   4590 |    340 |   1464 |   1824 |   5 |  986.0 |
        Temple |     38 |     27 |     11 |      0 |     21 |   1 |   38.0 |
               +--------+--------+--------+--------+--------+-----+--------+

Top non-repeatable levels by time:
     D:2: 1419 daAuts
     D:4: 1292 daAuts
     D:1: 1264 daAuts
     D:3: 911 daAuts
     D:5: 41 daAuts
  Temple: 38 daAuts
